 Dungeon Crawl Stone Soup version 0.27.1-34-g3ba077fa99 (webtiles) character file.

Game seed: 3289991119620788082

9899 pkoi the Destroyer (level 11, 0/74 HPs)
             Began as a Red Draconian Conjurer on Jan 24, 2022.
             Was an Initiate of Gozag.
             Slain by a troll (3 damage)
             ... on level 9 of the Dungeon on Jan 25, 2022.
             The game lasted 00:24:30 (16289 turns).

pkoi the Destroyer (Red Draconian Conjurer)        Turns: 16289, Time: 00:24:31

Health: 0/74       AC:  8    Str:  9    XL:     11   Next: 29%
Magic:  7/20       EV: 12    Int: 21    God:    Gozag
Gold:   1397       SH:  5    Dex: 11    Spells: 8/22 levels left

rFire    + . .     SeeInvis .   o - staff of earth
rCold    . . .     Faith    .   (no shield)
rNeg     . . .     Spirit   .   (armour unavailable)
rPois    .         Reflect  +   (helmet restricted)
rElec    .         Harm     .   q - scarf {repulsion}
rCorr    .         Rampage  .   z - +0 pair of gloves
Will     .....                  (no boots)
Stlth    ++........             e - amulet of reflection
HPRegen  0.22/turn              (no ring)
MPRegen  0.17/turn              (no ring)

@: gold aura, repel missiles
A: breathe fire, AC +7, unfitting armour, fire resistance 1, cold-blooded
a: Breathe Fire, Renounce Religion, Potion Petition, Call Merchant, Bribe Branch


You were on level 9 of the Dungeon.
You worshipped Gozag.
Gozag was most pleased with you.
You visited 2 branches of the dungeon, and saw 12 of its levels.

You collected 1451 gold pieces.
You paid 54 gold pieces to Gozag.

Inventory:

Hand Weapons
 i - a +1 dagger of electrocution
 v - a +0 quarterstaff
Missiles
 d - 5 curare-tipped darts
 r - 4 throwing nets
Armour
 q - a scarf of repulsion (worn)
 z - a +0 pair of gloves (worn)
Magical Staves
 o - a staff of earth (weapon)
Jewellery
 e - an amulet of reflection (around neck)
Wands
 n - a wand of flame (20)
 x - a wand of iceblast (6)
 y - a wand of paralysis (11)
 A - a wand of acid (6)
Scrolls
 b - 2 scrolls of enchant weapon
 c - a scroll of teleportation
 f - a scroll of enchant armour
 w - a scroll of fog
Potions
 a - 3 potions of berserk rage
 g - 2 potions of heal wounds
 h - a potion of haste
 j - a potion of brilliance {unknown}
 k - 2 potions of curing
 l - 3 potions of attraction {unknown}
 m - 2 potions of might
 p - a potion of cancellation
 s - a potion of mutation {unknown}
 t - 2 potions of lignification {unknown}
 u - 3 potions of flight


   Skills:
 - Level 2.7 Staves
 - Level 1.7 Dodging
 - Level 1.7 Stealth
 - Level 6.0 Spellcasting
 - Level 12.0 Conjurations
 + Level 6.0 Translocations
 + Level 8.5 Fire Magic
 - Level 6.4 Earth Magic
 + Level 2.3 Evocations


You had 8 spell levels left.
You knew the following spells:

 Your Spells              Type           Power      Damage    Failure   Level
a - Magic Dart            Conj           100%       1d8       1%          1
b - Searing Ray           Conj           100%       3d7       1%          2
c - Bolt of Magma         Conj/Fire/Erth 30%        4d14      7%          5
d - Blink                 Tloc           N/A        N/A       1%          2
e - Passage of Golubria   Tloc           N/A        N/A       9%          4

Your spell library contained the following spells:

 Spells                   Type           Power      Damage    Failure   Level
 Foxfire                  Conj/Fire      100%       2x1d9     1%          1
 Conjure Flame            Conj/Fire      49%        6-21      1%          3
 Dazzling Flash           Conj/Hex       62%        N/A       2%          3
 Iskenderun's Mystic Bla  Conj/Tloc      44%        2d10      2%          4
 Inner Flame              Hex/Fire       24%        N/A       4%          3
 Mephitic Cloud           Conj/Pois/Air  23%        N/A       5%          3
 Ignite Poison            Fire/Tmut/Pois 18%        N/A       9%          3
 Fulminant Prism          Conj/Hex       15%        3d11      9%          4
 Hailstorm                Conj/Ice       31%        3d8       9%          4
 Freeze                   Ice            24%        1d5       10%         1
 Lee's Rapid Deconstruct  Erth           24%        3d14*     21%         5
 Lightning Bolt           Conj/Air       15%        1d29      22%         5
 Manifold Assault         Tloc           31%        N/A       22%         5
 Frozen Ramparts          Ice            12%        1d3       28%         3
 Summon Guardian Golem    Hex/Summ       6%         N/A       28%         3
 Tukima's Dance           Hex            6%         N/A       28%         3
 Orb of Destruction       Conj           27%        9d11      52%         7
 Airstrike                Air            3%         N/A       67%         4
 Summon Lightning Spire   Summ/Air       6%         N/A       67%         4
 Yara's Violent Unravell  Hex/Tmut       3%         3d4       95%         5
 Spellforged Servitor     Conj/Summ      15%        N/A       100%        7
 Storm Form               Tmut/Air       3%         N/A       100%        7


Dungeon Overview and Level Annotations

Branches:
Dungeon (11/15)            Temple (1/1) D:5            Lair (0/6) D:9
    Orc (0/2) D:10

Altars:
Ashenzari
Cheibriados
Dithmenos
Elyvilon
Fedhas
Gozag
Hepliaklqana
Kikubaaqudgha
Makhleb
Okawaru
Qazlal
Ru
Sif Muna
Trog
Uskayaw
Vehumet
Wu Jian
Xom
Yredelemnul
Zin
The Shining One

Shops:
D:10 (

Annotations:
D:3 2 transporters, 1 runed translucent door, Crazy Yiuf; reversiblehash's ghost, amateur GnFi


Innate Abilities, Weirdness & Mutations

You can breathe blasts of fire.
Your fiery red scales are hard. (AC +7)
You cannot fit into any form of body armour.
Your flesh is heat resistant. (rF+)
You are cold-blooded and may be slowed by cold attacks.


Message History

The searing ray hits the yak!
You kill the yak!
The searing ray hits the yak!
The yak is moderately wounded.
You finish channeling your searing ray.
The yak is distracted by your dazzling golden aura.
The yak is distracted by your dazzling golden aura.
You hit the troll.
Your tail-slap misses the troll.
The troll is lightly wounded.
The troll bites you! You block the troll's attack.
The troll claws you but does no damage.
Casting: Searing Ray (safe; 1% risk of failure)
Confirm with . or Enter, or press ? or * to list all spells.
Aiming: Searing Ray (safe; 1% risk of failure)
Press: ? - help, Shift-Dir - straight line, f - troll
Aim: a troll (lightly wounded, 83% to hit)
The searing ray hits the troll!
The troll is moderately wounded. (Press . to maintain the ray.)
The troll bites you!
* * * LOW HITPOINT WARNING * * *
The troll claws you.
* * * LOW HITPOINT WARNING * * *
The troll claws you.
* * * LOW HITPOINT WARNING * * *
The searing ray hits the troll!
The troll is heavily wounded.
The troll bites you but does no damage. The troll claws you!
* * * LOW HITPOINT WARNING * * *
The troll claws you.
* * * LOW HITPOINT WARNING * * *
The searing ray hits the troll.
The troll is severely wounded.
The troll bites you!
* * * LOW HITPOINT WARNING * * *
The troll claws you.
* * * LOW HITPOINT WARNING * * *
The troll claws you.
You die...
Your body crumbles into a pile of gold.

#.# *** #.# #.#
#.######### **
#...).....###****,
#....>.......,,,,*
#.##########.**,**
#T# ****** #@#
#.#########
#.........########
#.................
#.......Y.....####
#.............#
#....)........#
#.............####
#.................


You could see a troll.

Vanquished Creatures
  4 two-headed ogres
  A centaur zombie (D:10)
  Maggie (D:7)
  A gargoyle (D:10)
  An unseen horror (D:10)
  A troll (D:10)
  Grinder (D:5)
  Sigmund (D:3)
  A shadow (D:10)
  10 yaks
  4 vampire mosquitoes (D:10)
  3 steam dragons
  5 orc warriors
  2 sky beasts
  2 phantoms
  2 necrophages
  2 ogres
  3 centaurs
  2 kobold brigands
  2 bullfrogs
  3 scorpions
  A wyvern skeleton (D:7)
  A water moccasin skeleton (D:4)
  4 killer bees (D:9)
  3 wights (D:8)
  4 jellies
  2 howler monkeys
  2 bullfrog zombies (D:5)
  2 orc priests
  A centaur skeleton (D:6)
  2 hounds
  An iguana (D:6)
  6 orc wizards
  7 gnolls
  8 adders
  A shadow imp (D:6)
  An adder zombie (D:5)
  A worm (D:2)
  14 dart slugs
  26 orcs
  8 bats
  4 endoplasms
  5 giant cockroaches
  11 goblins
  5 hobgoblins
  5 jackals
  15 kobolds
  3 quokkas
  4 ball pythons
  6 frilled lizards
  5 rats
210 creatures vanquished.

Vanquished Creatures (others)
  A scorpion (D:7)
  21 plants
22 creatures vanquished.

Grand Total: 232 creatures vanquished

Notes
Turn   | Place    | Note
-------+----------+-------------------------------------------
     0 | D:1      | pkoi the Draconian Conjurer began the quest for the Orb.
     0 | D:1      | Reached XP level 1. HP: 14/14 MP: 3/3
   106 | D:1      | Found a faded altar of an unknown god.
   477 | D:1      | Reached XP level 2. HP: 3/20 MP: 0/5
  1117 | D:1      | Learned a level 2 spell: Searing Ray
  1447 | D:1      | Reached skill level 5 in Conjurations
  1473 | D:1      | Reached XP level 3. HP: 26/26 MP: 4/6
  2383 | D:2      | Reached XP level 4. HP: 33/33 MP: 4/7
  3213 | D:1      | Reached skill level 6 in Conjurations
  3397 | D:2      | Reached XP level 5. HP: 31/38 MP: 4/8
  3598 | D:2      | You fall into a shaft and drop 1 floor!
  3657 | D:3      | Found a transporter.
  3668 | D:3      | Noticed reversiblehash's ghost (amateur GnFi)
  3714 | D:3      | Found a transporter.
  3948 | D:3      | Noticed Sigmund
  3955 | D:3      | Killed Sigmund
  3956 | D:3      | Reached XP level 6. HP: 24/45 MP: 0/10
  4386 | D:3      | Found a runed translucent door.
  4387 | D:3      | Noticed Crazy Yiuf
  4596 | D:4      | Reached skill level 7 in Conjurations
  4660 | D:4      | Found an ornate altar of the Wu Jian Council.
  4663 | D:4      | Found a broken altar of Ashenzari.
  4666 | D:4      | Found a basalt altar of Yredelemnul.
  4669 | D:4      | Found a hide-covered altar of Uskayaw.
  4995 | D:4      | Found an opulent altar of Gozag.
  5200 | D:4      | Your scales start taking on a fiery red colour.
  5200 | D:4      | Reached XP level 7. HP: 40/50 MP: 3/13
  5200 | D:4      | Gained mutation: Your flesh is heat resistant. (rF+) [Red
                  | Draconian growth]
  5657 | D:4      | Became a worshipper of Gozag Ym Sagoz the Greedy
  5707 | D:5      | Entered Level 5 of the Dungeon
  5707 | D:5      | Found a staircase to the Ecumenical Temple.
  5718 | Temple   | Entered the Ecumenical Temple
  5996 | D:5      | Reached skill level 8 in Conjurations
  6572 | D:5      | Learned a level 5 spell: Bolt of Magma
  6797 | D:5      | Reached XP level 8. HP: 44/57 MP: 8/15
  6893 | D:5      | Noticed Grinder
  6906 | D:5      | Paralysed by Grinder for 4 turns
  7259 | D:5      | Killed Grinder
  7260 | D:5      | Reached skill level 1 in Staves
  7260 | D:5      | Reached skill level 5 in Spellcasting
  7260 | D:5      | Reached skill level 9 in Conjurations
  7260 | D:5      | Reached skill level 1 in Fire Magic
  7260 | D:5      | Reached skill level 1 in Earth Magic
  8492 | D:6      | Identified the +0 helmet of the Vaults {rN+ Will+ Dex+9
                  | Slay-4 Stlth-}
  9371 | D:7      | Reached skill level 1 in Evocations
  9371 | D:7      | Reached XP level 9. HP: 46/62 MP: 17/17
  9673 | D:7      | Noticed Maggie
  9899 | D:7      | Learned a level 2 spell: Blink
 10205 | D:7      | Killed Maggie
 10206 | D:7      | Reached skill level 10 in Conjurations
 10911 | D:7      | Found a shimmering altar of Xom.
 11399 | D:8      | Noticed a two-headed ogre
 11413 | D:8      | Killed a two-headed ogre
 11414 | D:8      | Reached skill level 5 in Fire Magic
 12006 | D:8      | Found a sacrificial altar of Ru.
 12032 | D:8      | Identified the +2 scale mail of the Arcane {+Blink Regen+}
 12038 | D:8      | Learned a level 4 spell: Passage of Golubria
 12108 | D:8      | Reached XP level 10. HP: 53/69 MP: 14/19
 12430 | D:8      | Paralysed by an orc for 2 turns
 12854 | D:8      | Reached skill level 11 in Conjurations
 12950 | D:9      | Noticed a two-headed ogre
 12958 | D:9      | Killed a two-headed ogre
 12959 | D:9      | Reached skill level 5 in Earth Magic
 13182 | D:10     | Entered Level 10 of the Dungeon
 13777 | D:10     | Noticed a two-headed ogre
 13784 | D:10     | Killed a two-headed ogre
 14269 | D:10     | Found Baudogh's Weapon Emporium.
 14349 | D:10     | Found a staircase to the Orcish Mines.
 14743 | D:10     | Reached skill level 5 in Translocations
 15068 | D:10     | Reached XP level 11. HP: 30/74 MP: 12/20
 15543 | D:10     | You fall into a shaft and drop 1 floor!
 16038 | D:9      | Noticed a two-headed ogre
 16044 | D:9      | Killed a two-headed ogre
 16259 | D:9      | Reached skill level 12 in Conjurations
 16289 | D:9      | HP: 3/74 [troll (2)]
 16289 | D:9      | Slain by a troll

Illustrated notes

Levels and vault maps discovered:
D:1:      dpeg_arrival_more_subterranean_lakeside_camping, layout_basic,
          dreamdust_ecumenical_altar_grove
D:2:      minmay_thinvault, layout_rooms, minivault_19, kennysheep_cross_room,
          serial_bayou_pond_e
D:3:      layout_rooms, gammafunk_ghost_gnarly_gnolls, uniq_sigmund,
          uniq_crazy_yiuf_cottage
D:4:      layout_basic, grunt_temple_overflow_cloverleaf,
          nicolae_overflow_crystal_walls, dk_rats_in_the_wall
D:5:      layout_gridville, minmay_temple_entry_water_ring,
          minmay_fractal_squares_5, uniq_grinder
D:6:      kennysheep_slugbush, layout_rooms, serial_glass, glass_columns_a,
          glass_columns_c, glass_columns_b, glass_columns_a, glass_columns_a,
          glass_columns_b, glass_columns_c, glass_columns_b, glass_columns_a,
          glass_columns_a, glass_columns_a, glass_columns_b, glass_columns_b,
          glass_columns_a
D:7:      layout_rooms, general_overflow_altar, kennysheep_generic_room_5,
          uniq_maggie
D:8:      layout_gridville, mainiacjoe_overflow_chevrons
D:9:      layout_long_grid, old_standard_altar, erik_lair_dragon
D:10:     layout_loops_ring, orc_david_3, solitary_fountain,
          small_statue_intersection, chequers_serial_rivers_micro_a,
          hangedman_decor_growths, chequers_avenue
D:11:     layout_cave_pools, gammafunk_ghost_ooze, special_room
          [special_room_orc], uniq_fannar, uniq_grum
Temple:   minmay_temple_curvy_branch

Skill      XL: |  1  2  3  4  5  6  7  8  9 10 11 |
---------------+----------------------------------+-----
Conjurations   | 5 6 7 8 9 10 11 12 | 12.0
Spellcasting   | 3 4 5 6 |  6.0
Staves         | 2 |  2.7
Fire Magic     | 3 5 7 8 |  8.5
Earth Magic    | 2 4 6 |  6.4
Evocations     | 1 2 |  2.3
Translocations | 2 5 6 |  6.0
Dodging        | |  1.7
Stealth        | |  1.7

Action                   |  1- 3 |  4- 6 |  7- 9 | 10-12 || total
-------------------------+-------+-------+-------+-------++-------
Melee: Club              |    69 |       |       |       ||    69
       Tailslap          |     8 |     1 |    11 |     3 ||    23
       Dagger            |     2 |    13 |    74 |       ||    89
       Quarterstaff      |       |       |    19 |    14 ||    33
       Staff             |       |       |       |     4 ||     4
 Cast: Magic Dart        |    66 |    59 |    62 |     5 ||   192
       Searing Ray       |     1 |    12 |    42 |    39 ||    94
       Blink             |       |       |       |     1 ||     1
 Abil: Breathe Fire      |       |       |    13 |     8 ||    21
  Use: Scroll            |       |       |    13 |     4 ||    17
       Potion            |       |       |       |     3 ||     3
 Stab: Sleeping          |     2 |     1 |       |       ||     3
       Distracted        |       |       |       |     1 ||     1
Armor: Skin              |    19 |    10 |    50 |    34 ||   113
Dodge: Dodged            |    55 |    10 |    89 |    65 ||   219
       Repelled          |       |       |     9 |     1 ||    10
Block: Other             |    15 |     4 |    27 |    30 ||    76
       Reflection        |     2 |       |     1 |       ||     3
